 Dungeon Crawl Stone Soup version 0.21-a0-414-gba8bdf1 (webtiles) character file.

546 Dysjunc the Magician (level 7, -2/51 (52) HPs)
             Began as a Gnoll Wanderer on Nov 2, 2017.
             Slain by a troll (19 damage)
             ... on level 4 of the Dungeon.
             The game lasted 00:24:44 (4950 turns).

Dysjunc the Magician (Gnoll Wanderer)               Turns: 4950, Time: 00:24:44

HP:   -2/51 (52)    AC:  6    Str: 13    XL:     7   Next: 28%
MP:   6/15          EV: 13    Int: 17    God:
Gold: 246           SH:  0    Dex: 15    Spells: 2/17 levels left

rFire    . . .     SeeInvis .   e - +1 dagger
rCold    . . .     Gourm    .   (no shield)
rNeg     . . .     Faith    .   d - +1 robe
rPois    .         Spirit   .   (no helmet)
rElec    .         Reflect  .   E - +1 cloak
rCorr    +         Harm     .   (no gloves)
MR       .....                  C - +0 pair of boots
Stlth    ++........             g - amulet of regeneration
HPRegen  0.57/turn              o - ring of resist corrosion
MPRegen  0.14/turn              (no ring)

@: drained
A: distributed training, fangs 1, strong nose
a: no special abilities


You were on level 4 of the Dungeon.
You were very full.

You visited 1 branch of the dungeon, and saw 4 of its levels.
You also visited: Ossuary.

You collected 246 gold pieces.

Inventory:

Hand Weapons
 e - a +1 dagger (weapon)
 y - a +0 blowgun
Missiles
 l - 123 stones (quivered)
 A - 15 poisoned needles
 B - 6 arrows
Armour
 d - a +1 robe (worn)
 w - a +0 scale mail of magic resistance
 C - a +0 pair of boots (worn)
 E - a +1 cloak (worn)
Jewellery
 g - an amulet of regeneration (around neck)
 o - a ring of resist corrosion (left hand)
Scrolls
 j - 2 scrolls of teleportation
 k - 2 scrolls of enchant weapon
 m - a scroll of immolation
 q - a scroll of amnesia
 s - 5 scrolls of remove curse
 D - a scroll of identify
Potions
 i - 2 potions of brilliance
 n - a potion of curing {unknown}
 p - a potion of invisibility {unknown}
 r - a potion of degeneration {unknown}
 u - a potion of agility {unknown}
 v - 2 potions of heal wounds {unknown}
 x - a potion of flight {unknown}
 z - 2 potions of mutation {unknown}
Books
 a - a book of Necromancy

   Spells                             Type                      Level
   a - Pain                           Necromancy                   1
   b - Animate Skeleton               Necromancy                   1
   c - Vampiric Draining              Necromancy                   3
   d - Regeneration                   Charms/Necromancy            3
   e - Animate Dead                   Necromancy                   4
   f - Control Undead                 Necromancy                   4
 b - Risue's Tome of Transmutation

   Spells                             Type                      Level
   a - Sticks to Snakes               Transmutation                2
   b - Passwall                       Transmutation/Earth          2
 c - the Volume of Combat Magic

   Spells                             Type                      Level
   a - Throw Flame                    Conjuration/Fire             2
   b - Searing Ray                    Conjuration                  2
Comestibles
 f - 4 bread rations
 h - 3 fruits
 t - 2 chunks of flesh


   Skills:
 + Level 3.5(3.3) Fighting
 + Level 2.3(2.1) Short Blades
 + Level 3.5(3.3) Long Blades
 + Level 2.3(2.1) Axes
 + Level 2.3(2.1) Maces & Flails
 + Level 2.3(2.1) Polearms
 + Level 2.3(2.1) Staves
 + Level 2.3(2.1) Slings
 + Level 2.3(2.1) Bows
 + Level 2.3(2.1) Crossbows
 + Level 2.3(2.1) Throwing
 + Level 2.3(2.1) Armour
 + Level 3.5(3.3) Dodging
 + Level 3.3(3.1) Stealth
 + Level 2.3(2.1) Shields
 + Level 2.3(2.1) Unarmed Combat
 + Level 5.5(5.3) Spellcasting
 + Level 1.9(1.7) Conjurations
 + Level 1.9(1.7) Hexes
 + Level 2.9(2.7) Charms
 + Level 1.9(1.7) Summonings
 + Level 4.2(4.0) Necromancy
 + Level 1.9(1.7) Translocations
 + Level 1.9(1.7) Transmutations
 + Level 1.9(1.7) Fire Magic
 + Level 1.9(1.7) Ice Magic
 + Level 1.9(1.7) Air Magic
 + Level 1.9(1.7) Earth Magic
 + Level 1.9(1.7) Poison Magic
 + Level 2.6(2.4) Invocations
 + Level 3.5(3.3) Evocations


You had 2 spell levels left.
You knew the following spells:

 Your Spells              Type           Power        Failure   Level  Hunger
a - Regeneration          Chrm/Necr      ###.......   10%         3    ##.....
e - Searing Ray           Conj           ##....       10%         2    #......
q - Pain                  Necr           ###.         2%          1    None
s - Sticks to Snakes      Tmut           ##......     10%         2    #......
w - Vampiric Draining     Necr           ###.......   8%          3    ##.....
x - Animate Dead          Necr           N/A          26%         4    ####...


Dungeon Overview and Level Annotations

Branches:
Dungeon (4/15)
 Temple: D:4-7

Altars:
Ashenzari
Fedhas
Okawaru
Vehumet
Wu Jian

Shops:
D:4 *


Innate Abilities, Weirdness & Mutations

Your experience applies equally to all skills.
You have very sharp teeth.
Your uncanny sense of smell can sniff out nearby items.


Message History

The troll is lightly wounded. (Press . to maintain the ray.)
Your ball python completely misses the troll.
The searing ray hits the troll.
The troll is lightly wounded.
The troll bites you! The troll closely misses you. The troll misses you.
Really fire at your ball python? [Y]es or [N]o only, please.
Really fire at your ball python?
The searing ray misses the troll.
The searing ray hits your ball python.
You kill your ball python!
Your skin stops crawling.
The troll bites you! The troll closely misses you. The troll misses you.
The searing ray hits the troll.
The troll is moderately wounded.
You finish channeling your searing ray.
The troll bites you!
* * * LOW HITPOINT WARNING * * *
The troll closely misses you. The troll barely misses you.
The troll bites you!!
You die...

###################
..................#
.#..#..#..#..#...#
..................#
..#..#..#..#..#...#
...............T@.#
#################.############
##.......#.รท...........<.....#
...#####.###################.#
##.# #.# #.# ...# #.#
############### #.# ###### #.#
#.............# #.# .....###.#
#.###########.# #.#
.........###.# #)# #.#


You could see a troll.

Vanquished Creatures
  A bullfrog (D:3)
  A crimson imp (D:4)
  A centaur zombie (Ossuary)
  A hound (D:4)
  Crazy Yiuf (D:4)
  A human zombie (Ossuary)
  An orc priest (D:4)
  A worker ant (D:4)
  2 orc wizards (D:4)
  A big kobold zombie (Ossuary)
  A mummy (Ossuary)
  3 adders
  5 adder zombies (Ossuary)
  2 worms
  5 dart slugs
  A leopard gecko (D:3)
  10 orcs
  5 giant cockroaches
  7 goblins
  6 hobgoblins
  A quokka (D:3)
  2 ball pythons
  6 bats
  6 frilled lizards
  2 gnoll zombies (Ossuary)
  A goblin zombie (Ossuary)
  3 jackal zombies (Ossuary)
  4 kobolds
  2 kobold zombies (Ossuary)
  2 orc zombies (Ossuary)
  4 quokka zombies (Ossuary)
  8 rats
  2 rat zombies (Ossuary)
99 creatures vanquished.

Vanquished Creatures (collateral kills)
  An elf zombie (Ossuary)
  A centaur zombie (Ossuary)
  A human zombie (Ossuary)
  2 big kobold zombies (Ossuary)
  2 mummies (Ossuary)
  An orc (D:3)
  2 hobgoblin zombies (Ossuary)
  2 kobold zombies (Ossuary)
  A rat (D:1)
  3 rat zombies (Ossuary)
16 creatures vanquished.

Grand Total: 115 creatures vanquished

Notes
Turn   | Place    | Note
-------+----------+-------------------------------------------
     0 | D:1      | Dysjunc the Gnoll Wanderer began the quest for the Orb.
     0 | D:1      | Dysjunc set off with: a book of Necromancy, Risue's Tome of Transmutation, the Volume of Combat Magic, a +0 robe, a +0 dagger, a bread ration
     0 | D:1      | Reached XP level 1. HP: 17/17 MP: 6/6
     0 | D:1      | Identified Risue's Tome of Transmutation
     0 | D:1      | Identified the Volume of Combat Magic
     2 | D:1      | Learned a level 1 spell: Animate Skeleton
     4 | D:1      | Learned a level 1 spell: Pain
   227 | D:1      | Reached XP level 2. HP: 22/23 MP: 7/7
   918 | D:2      | Reached XP level 3. HP: 28/28 MP: 9/9
   946 | D:2      | Reached skill level 5 in Spellcasting
  1070 | D:2      | Found an iron altar of Okawaru.
  1071 | D:2      | Found a blossoming altar of Fedhas.
  1165 | D:2      | Learned a level 3 spell: Regeneration
  1169 | D:2      | Learned a level 3 spell: Vampiric Draining
  1172 | D:2      | Learned a level 2 spell: Searing Ray
  1175 | D:2      | Learned a level 2 spell: Sticks to Snakes
  1335 | D:2      | Reached skill level 1 in Invocations
  1892 | D:3      | Reached skill level 1 in Short Blades
  1892 | D:3      | Reached skill level 1 in Axes
  1892 | D:3      | Reached skill level 1 in Maces & Flails
  1892 | D:3      | Reached skill level 1 in Polearms
  1892 | D:3      | Reached skill level 1 in Staves
  1892 | D:3      | Reached skill level 1 in Slings
  1892 | D:3      | Reached skill level 1 in Bows
  1892 | D:3      | Reached skill level 1 in Crossbows
  1892 | D:3      | Reached skill level 1 in Throwing
  1892 | D:3      | Reached skill level 1 in Armour
  1892 | D:3      | Reached skill level 1 in Shields
  1892 | D:3      | Reached skill level 1 in Unarmed Combat
  1995 | D:3      | Reached XP level 4. HP: 34/34 MP: 7/11
  2325 | D:3      | Found an ornate altar of the Wu Jian Council.
  2327 | D:3      | Noticed a bullfrog
  2328 | D:3      | Found a shattered altar of Ashenzari.
  2341 | D:3      | Killed a bullfrog
  2341 | D:3      | Reached skill level 1 in Conjurations
  2341 | D:3      | Reached skill level 1 in Hexes
  2341 | D:3      | Reached skill level 1 in Summonings
  2341 | D:3      | Reached skill level 1 in Translocations
  2341 | D:3      | Reached skill level 1 in Transmutations
  2341 | D:3      | Reached skill level 1 in Fire Magic
  2341 | D:3      | Reached skill level 1 in Ice Magic
  2341 | D:3      | Reached skill level 1 in Air Magic
  2341 | D:3      | Reached skill level 1 in Earth Magic
  2341 | D:3      | Reached skill level 1 in Poison Magic
  2341 | D:3      | Reached XP level 5. HP: 9/40 MP: 12/12
  2342 | D:3      | Found a radiant altar of Vehumet.
  2986 | D:4      | Found a sand-covered staircase.
  3000 | D:4      | Reached XP level 6. HP: 33/47 MP: 7/13
  3041 | Ossuary  | Entered an ossuary
  3054 | Ossuary  | Learned a level 4 spell: Control Undead
  3775 | D:4      | Learned a level 4 spell: Animate Dead
  3805 | D:4      | Reached XP level 7. HP: 32/51 MP: 15/15
  3989 | D:4      | Found Atilog's Assorted Antiques.
  4346 | D:4      | Found a runed door.
  4350 | D:4      | Noticed Crazy Yiuf
  4410 | D:4      | Killed Crazy Yiuf
  4868 | D:4      | Noticed a troll
  4950 | D:4      | Slain by a troll

Vault maps used:
D:1:      dpeg_arrival_line_fractal, minmay_door_square
D:2:      minitemple, first_bread, kennysheep_nub
D:3:      grunt_temple_overflow_open, bh_walls_and_bars
D:4:      nicolae_ossuary_entry_false_entrances, serial_shops, shop,
          columned_hall_lemuel, uniq_crazy_yiuf_cottage
Ossuary:  minmay_ossuary_two_tombs

Skill      XL: |  1  2  3  4  5  6 |
---------------+-------------------+-----
Charms         | 2 |  2.9
Spellcasting   | 5 |  5.5
Invocations    | 1 2 |  2.6
Short Blades   | 1 2 |  2.3
Axes           | 1 2 |  2.3
Maces & Flails | 1 2 |  2.3
Polearms       | 1 2 |  2.3
Staves         | 1 2 |  2.3
Slings         | 1 2 |  2.3
Bows           | 1 2 |  2.3
Crossbows      | 1 2 |  2.3
Throwing       | 1 2 |  2.3
Armour         | 1 2 |  2.3
Shields        | 1 2 |  2.3
Unarmed Combat | 1 2 |  2.3
Conjurations   | 1 |  1.9
Hexes          | 1 |  1.9
Summonings     | 1 |  1.9
Translocations | 1 |  1.9
Transmutations | 1 |  1.9
Fire Magic     | 1 |  1.9
Ice Magic      | 1 |  1.9
Air Magic      | 1 |  1.9
Earth Magic    | 1 |  1.9
Poison Magic   | 1 |  1.9
Fighting       | 3 |  3.5
Long Blades    | 3 |  3.5
Dodging        | 3 |  3.5
Necromancy     | 4 |  4.2
Evocations     | 3 |  3.5
Stealth        | 3 |  3.3

Action                   |  1- 3 |  4- 6 |  7- 9 || total
-------------------------+-------+-------+-------++-------
Melee: Dagger            |   164 |   302 |    81 ||   547
       Bite              |    18 |    43 |     4 ||    65
       Punch             |       |     4 |     3 ||     7
Throw: Stone             |       |       |     1 ||     1
 Cast: Animate Skeleton  |     8 |     4 |       ||    12
       Pain              |     1 |       |       ||     1
       Vampiric Draining |     2 |       |       ||     2
       Searing Ray       |     1 |     4 |     2 ||     7
       Control Undead    |       |     6 |       ||     6
       Sticks to Snakes  |       |       |     5 ||     5
       Animate Dead      |       |       |     1 ||     1
       Regeneration      |       |       |     1 ||     1
  Use: Scroll            |     2 |     6 |       ||     8
 Stab: Sleeping          |    13 |     2 |       ||    15
       Distracted        |       |     3 |     1 ||     4
  Eat: Chunk             |     3 |     5 |       ||     8
       Meat ration       |       |     1 |     2 ||     3
Armor: Robe              |    33 |    32 |     6 ||    71
       Scale mail        |       |       |    20 ||    20
Dodge: Dodged            |   106 |   209 |    47 ||   362

Table legend:
 A = Spawn XP
 B = Non-spawn XP
 C = Spawn XP percentage of total XP
 D = Spawn monster count
 E = Non-spawn monster count
 F = Spawn count percentage of total count
 G = Total turns spent on level
                    A         B        C        D         E        F      G
               +---------+---------+-------+---------+---------+-------+---------
         Total |       0 |     780 |   0.0 |       0 |     112 |   0.0 |  4950
               +---------+---------+-------+---------+---------+-------+---------
           D:1 |       0 |      32 |   0.0 |       0 |      18 |   0.0 |   916
           D:2 |       0 |      41 |   0.0 |       0 |      22 |   0.0 |   952
           D:3 |       0 |     153 |   0.0 |       0 |      24 |   0.0 |   949
           D:4 |       0 |     294 |   0.0 |       0 |      12 |   0.0 |  1410
       Ossuary |       0 |     260 |   0.0 |       0 |      36 |   0.0 |   723
               +---------+---------+-------+---------+---------+-------+---------
